 Dungeon Crawl Stone Soup version 0.31-a0-879-g1609e0a (webtiles) character file.

Game seed: 16599898647799653064

95736 Meow the Devastator (level 16, 0/163 (165) HPs)
             Began as a Naga Conjurer on Oct 14, 2023.
             Was an Initiate of Gozag.
             Slain by a lorocyproca (27 damage)
             ... on level 2 of the Abyss.
             The game lasted 01:30:53 (24811 turns).

Meow the Devastator (Naga Conjurer)                Turns: 24811, Time: 01:30:53

HP:   0/163 (165)   AC: 18    Str: 10    XL:     16   Next: 15%
MP:   23/34         EV: 23    Int: 25    God:    Gozag
Gold: 1630          SH:  6    Dex: 11    Spells: 10/44 levels left

rFire   + + .        a - staff of conjuration
rCold   + + .        n - +1 buckler {rC+}
rNeg    + . .        w - +1 leather armour "Qebat" {+Blink rElec}
rPois   +            M - +0 hat {Will+}
rElec   +            Z - +2 cloak of the Thief {*Fog Slay-2 SInv Stlth+}
rCorr   .            (no gloves)
SInv    +            (no barding)
Will    +++..        L - amulet of the acrobat
Stlth   +++          o - ring "Zenkebu" {rF++ rC+ rN+}
HPRegen 0.47/turn    V - ring of the Tortoise {AC+8}
MPRegen 0.24/turn

%: acrobat
@: about to teleport, acrobatic, very slightly contaminated, lightly drained,
very slow
A: AC +5, large, see invisible, deformed body, poison resistance, slowness 2,
spit poison 1, naga tail 2
a: Spit Poison, Renounce Religion, Evoke Blink, Potion Petition, Call Merchant,
Bribe Branch


You were on level 2 of the Abyss.
You worshipped Gozag.
Gozag was most pleased with you.
You visited 5 branches of the dungeon, and saw 21 of its levels.
You visited the Abyss 1 time.
You also visited: Ossuary, Bailey and Ice Cave.

You collected 8250 gold pieces.
You spent 2312 gold pieces at shops.
You paid 4308 gold pieces to Gozag.

Inventory:

Hand Weapons
 b - the +7 staff of the Meek {protect, meekguard}
   (You found it on level 4 of the Dungeon)
 g - a +0 shortbow
Armour
 n - a +1 buckler of cold resistance (worn)
 w - the +1 leather armour "Qebat" (worn) {+Blink rElec}
   (You found it on level 4 of the Dungeon)

   rElec:     It insulates you from electricity.
   +Blink:    It lets you blink.
 M - a +0 hat of willpower (worn)
 Q - a +2 robe of resistance
 Y - a +0 buckler of protection
 Z - the +2 cloak of the Thief (worn) {*Fog Slay-2 SInv Stlth+}
   (You bought it in a shop on level 1 of the Orcish Mines)

   *Fog:      It may release a thick cloud of smoke when the wearer is hurt.
   Slay-2:    It affects your accuracy & damage with ranged weapons and melee
   (-2).
   SInv:      It lets you see invisible.
   Stlth+:    It makes you more stealthy.
Magical Staves
 a - a staff of conjuration (weapon)
Jewellery
 o - the ring "Zenkebu" (left hand) {rF++ rC+ rN+}
   (You found it on level 2 of the Dungeon)

   [ring of positive energy]

   rF++:      It greatly protects you from fire.
   rC+:       It protects you from cold.
   rN+:       It protects you from negative energy.
 B - a ring of magical power
 L - an amulet of the acrobat (around neck)
 V - the ring of the Tortoise (right hand) {AC+8}
   (You bought it in a shop on level 1 of the Orcish Mines)

   [ring of protection]

   AC+8:      It affects your AC (+8).
Wands
 e - a wand of roots (17)
 p - a wand of flame (17)
 U - a wand of polymorph (6)
Scrolls
 i - 6 scrolls of fog
 l - 5 scrolls of teleportation
 m - 3 scrolls of vulnerability
 q - 3 scrolls of enchant weapon
 A - 2 scrolls of immolation
 D - 4 scrolls of butterflies
 J - 3 scrolls of enchant armour
 K - a scroll of revelation
 T - a scroll of torment
 X - a scroll of brand weapon
Potions
 d - 3 potions of enlightenment
 f - 3 potions of mutation
 j - a potion of resistance
 k - 3 potions of curing
 v - 4 potions of lignification
 x - 3 potions of might
 y - 2 potions of magic
 z - a potion of cancellation
 G - a potion of haste
 H - a potion of berserk rage
 S - 2 potions of attraction
Miscellaneous
 P - a condenser vane (inert)


   Skills:
 + Level 16.1 Fighting
 - Level 0.6 Staves
 - Level 1.5 Dodging
 - Level 3.0 Stealth
 + Level 7.0 Shields
 + Level 14.5 Spellcasting
 + Level 16.5 Conjurations


You had 10 spell levels left.
You knew the following spells:

 Your Spells              Type           Power      Damage    Failure   Level
a - Magic Dart            Conj           100%       1d8       0%          1
b - Searing Ray           Conj           100%       2d8       0%          2
c - Mephitic Cloud        Conj/Pois/Air  62%        N/A       1%          3
f - Freezing Cloud        Conj/Ice/Air   31%        6-21      17%         5
r - Iskenderun's Battles  Conj           100%       2d15      1%          5
t - Sticky Flame          Conj/Fire      73%        2d9       1%          4
A - Stone Arrow           Conj/Erth      100%       3d13      1%          3
B - Iskenderun's Mystic   Conj/Tloc      73%        2d15      1%          4
E - Blink                 Tloc           36%        N/A       9%          2
T - Irradiate             Conj/Tmut      36%        3d23      5%          5

Your spell library contained the following spells:

 Spells                   Type           Power      Damage    Failure   Level
 Momentum Strike          Conj/Tloc      100%       3d10      1%          2
 Dazzling Flash           Conj/Hex       100%       N/A       1%          3
 Brom's Barrelling Bould  Conj/Erth      73%        2d9       1%          4
 Fulminant Prism          Conj/Hex       36%        3d17      1%          4
 Sandblast                Erth           36%        2d10      6%          1
 Cigotuvi's Dreadful Rot  Necr/Pois/Air  36%        N/A       9%          2
 Lesser Beckoning         Tloc           36%        N/A       9%          2
 Passwall                 Tmut/Erth      15%        N/A       9%          2
 Poisonous Vapours        Pois/Air       36%        N/A       9%          2
 Wereblood                Tmut           18%        N/A       9%          2
 Confusing Touch          Hex            18%        N/A       17%         3
 Ignite Poison            Fire/Tmut/Pois 18%        N/A       17%         3
 Swiftness                Air            18%        N/A       17%         3
 Tukima's Dance           Hex            18%        N/A       17%         3
 Anguish                  Hex/Necr       9%         N/A       50%         4
 Dimensional Bullseye     Hex/Tloc       9%         N/A       50%         4
 Alistair's Intoxication  Tmut/Pois      12%        N/A       85%         5
 Borgnjor's Vile Clutch   Necr/Erth      9%         N/A       85%         5
 Summon Mana Viper        Hex/Summ       18%        N/A       85%         5
 Eringya's Noxious Bog    Tmut/Pois      9%         4d6       100%        6
 Ignition                 Fire           9%         3d5       100%        8


Dungeon Overview and Level Annotations

Branches:
Dungeon (11/15)            Temple (1/1) D:6            Lair (5/5) D:9
 Shoals (0/4) Lair:2       Spider (0/4) Lair:3        Slime (0/5) Lair:5
    Orc (2/2) D:9             Elf (1/3) Orc:2       Ossuary (visited)
 Bailey (visited)           IceCv (visited)

Altars:
Ashenzari
Cheibriados
Dithmenos
Elyvilon
Fedhas
Gozag
Hepliaklqana
Kikubaaqudgha
Makhleb
Nemelex Xobeh
Okawaru
Qazlal
Ru
Sif Muna
Trog
Uskayaw
Vehumet
Wu Jian
Xom
Yredelemnul
Zin
The Shining One
Jiyva

Shops:
D:1 (   D:3 (   Orc:1 =[[[*   Orc:2 (!(?(

Portals:
Hell: Lair:5

Annotations:
D:5 2 runed translucent doors, steven32's ghost, novice MfMo
D:7 1 runed translucent door, steven32's ghost, amateur DrHu


Innate Abilities, Weirdness & Mutations

Your serpentine skin is tough. (AC +5)
You have supernaturally acute eyesight. (SInv)
Armour fits poorly on your strangely shaped body.
Your system is resistant to poisons. (rPois)
You cover ground very slowly.
You can spit poison.
You can use your snake-like lower body to constrict enemies.


Message History

Press: ? - help, Dir - move target
As you read the scroll of blinking, it crumbles to dust.
Blink to where?
Press: ? - help, Dir - move target
As you read the scroll of blinking, it crumbles to dust.
The lorocyproca gives a chilling moan.
A neqoxec comes into view. x2
As you read the scroll of teleportation, it crumbles to dust.
You feel strangely unstable.
You feel the power of the Abyss delaying your translocation!
The lorocyproca hits you but does no damage.
Unknown command.
Unknown command.
Okay, then.
Are you sure you want to abandon this character and quit the game? (Confirm with "yes".)
Okay, then.
Unknown command.
Press: ? - help, v - describe, . - travel
Here: a lorocyproca (slightly transparent)
The floor.
Casting: Irradiate (mildly dangerous; 5% risk of failure)
Confirm with . or Enter, or press ? or * to list all spells.
Okay, then.
Okay, then.
Unknown command.
Hit: a) staff of conjuration
Press: ? - help, Dir - move target, f - lorocyproca
Aim: a lorocyproca (slightly transparent, about 40% to evade your staff of conjuration)
Okay, then.
Okay, then.
The lorocyproca misses you.
You closely miss the lorocyproca. You grab the lorocyproca.
You constrict the lorocyproca, but do no damage.
The lorocyproca completely misses you. The neqoxec hits you!
* * * LOW HITPOINT WARNING * * *
You release your grip on the lorocyproca.
The lorocyproca closely misses you. The neqoxec attacks as it pursues you!
The neqoxec completely misses you. The lorocyproca hits you!!
You die...
Your body crumbles into a pile of gold.

#. .......# #
..#..#.### .#
3.
#.##....##.#...
##.....#.#...#
.......#.#
####.....#.#
#.....#.2#.#
#.....@3..#
#.#.##.###..#
#..# ..# ....#
### .##.#. # ..
. .#. # ...


You could see a lorocyproca (invisible) and a neqoxec.

Vanquished Creatures
  Jorgrun (Orc:1)
  A deep elf blademaster (Elf:2)
  A tentacled starspawn (Abyss:2)
  Gastronok (D:8)
  A reaper (IceCv)
  Snorg (Lair:4)
  An entropy weaver (shapeshifter) (Elf:1)
  Erolcha (Orc:1)
  2 ogre magi (Orc:2)
  5 hydras (Lair:5)
  A centaur warrior (D:10)
  10 two-headed ogres
  18 death yaks
  4 dancing weapons
  A wretched star (Abyss:2)
  A deep elf knight (Elf:1)
  2 skysharks
  A sixfirhy (Lair:5)
  2 deep trolls (Orc:2)
  2 wizards
  Pikel (D:7)
  A deep elf archer (Elf:1)
  3 orc knights
  2 lindwurms (Lair:5)
  5 deep elf pyromancers (Elf:1)
  7 deep elf zephyrmancers
  3 cyclopes
  12 elephants
  3 black mambas
  An apocalypse crab (Abyss:2)
  2 ice statues (IceCv)
  3 orange demons (Lair:5)
  A torpor snail (Lair:3)
  10 cane toads
  An efreet (Abyss:2)
  Maggie (Lair:1)
  2 rime drakes
  10 ice devils
  3 anaconda simulacra (IceCv)
  19 komodo dragons
  8 trolls
  A hellwing (Lair:5)
  A tyrant leech (Lair:2)
  2 polar bears (Lair:1)
  6 raiju (Abyss:2)
  28 blink frogs
  2 wraiths
  A ynoxinul (Abyss:2)
  47 yaks
  An air elemental (Elf:1)
  A vampire (D:11)
  2 dire elephant simulacra (IceCv)
  6 basilisks
  5 starcursed masses (Abyss:2)
  3 wyverns
  2 vampire mosquitoes (D:10)
  8 wargs (Orc:2)
  3 harpy simulacra (IceCv)
  3 swamp worms (Lair:2)
  An acid dragon (D:11)
  2 hydra simulacra (IceCv)
  7 hell hounds
  10 water moccasins
  18 orc warriors
  A sky beast (D:6)
  19 ogres
  6 centaurs
  24 wolves
  9 kobold brigands
  16 bullfrogs
  2 earth elementals
  A small abomination (Abyss:2)
  15 wights
  4 killer bees (D:9)
  5 electric eels
  2 howler monkeys
  2 centaur zombies (Ossuary)
  2 hounds
  2 jellies
  12 orc priests
  18 iguanas
  20 orc wizards
  3 polar bear simulacra (IceCv)
  A hound zombie (D:4)
  5 mummies
  4 gnolls (D:3)
  6 adders
  2 shadow imps
  A white imp (IceCv)
  3 ufetubi
  An adder zombie (D:4)
  A dart slug (D:4)
  49 orcs
  4 ball pythons
  7 endoplasms
  2 giant cockroaches
  2 gnoll zombies (Ossuary)
  2 goblins
  5 hobgoblins
  2 jackals (D:1)
  2 quokkas
  5 bats
  16 frilled lizards
  2 goblin zombies (Ossuary)
  30 kobolds
  2 kobold zombies (Ossuary)
  4 rats
636 creatures vanquished.

Vanquished Creatures (others)
  2 starspawn tentacles (Abyss:2)
2 creatures vanquished.

Grand Total: 638 creatures vanquished

Notes
Turn   | Place    | Note
-------+----------+-------------------------------------------
     0 | D:1      | Meow the Naga Conjurer began the quest for the Orb.
     0 | D:1      | Reached XP level 1. HP: 15/15 MP: 3/3
   108 | D:1      | Reached XP level 2. HP: 22/22 MP: 1/5
   112 | D:1      | Learned a level 2 spell: Searing Ray
   551 | D:1      | Reached XP level 3. HP: 26/28 MP: 0/6
   675 | D:1      | Found Tiovur's Antique Weapon Boutique.
  1137 | D:1      | Identified a scroll of acquirement
  1138 | D:1      | Acquired a book of Changes
  1536 | D:2      | Identified the ring "Zenkebu" {rF++ rC+ rN+}
  1816 | D:3      | Found Feupnuta's Antique Weapon Shop.
  2151 | D:3      | Learned a level 3 spell: Mephitic Cloud
  2178 | D:3      | Reached XP level 4. HP: 36/36 MP: 4/8
  2180 | D:3      | Reached skill level 5 in Conjurations
  2596 | D:5      | Entered Level 5 of the Dungeon
  2601 | D:5      | Reached XP level 5. HP: 42/42 MP: 5/10
  2870 | D:5      | Found a white marble altar of Elyvilon.
  2959 | D:5      | Reached XP level 6. HP: 42/49 MP: 4/12
  3080 | D:5      | Found a runed translucent door.
  3081 | D:5      | Noticed steven32's ghost (novice MfMo)
  3173 | D:5      | Found a runed translucent door.
  3187 | D:5      | Found a hazy altar of Hepliaklqana.
  3757 | D:4      | Identified the +1 leather armour "Qebat" {+Blink rElec}
  3812 | D:4      | Learned a level 2 spell: Blink
  3981 | D:4      | Found the +7 staff of the Meek {protect, meekguard}
  4383 | D:4      | Found a basalt altar of Yredelemnul.
  4605 | D:6      | Found a staircase to the Ecumenical Temple.
  4614 | Temple   | Entered the Ecumenical Temple
  4683 | Temple   | Became a worshipper of Gozag Ym Sagoz the Greedy
  4766 | D:6      | Noticed a sky beast
  4773 | D:6      | Killed a sky beast
  4774 | D:6      | Reached XP level 7. HP: 55/55 MP: 6/14
  5016 | D:6      | Found a shimmering altar of Xom.
  5020 | D:6      | Found a shimmering altar of Xom.
  5020 | D:6      | Found an ornate altar of the Wu Jian Council.
  5022 | D:6      | Found a shimmering blue altar of Sif Muna.
  5022 | D:6      | Found an opulent altar of Gozag.
  5022 | D:6      | Found a stormy altar of Qazlal.
  5073 | D:6      | Reached skill level 5 in Spellcasting
  5508 | D:7      | Found an iron altar of Okawaru.
  5593 | D:7      | Found a runed translucent door.
  5593 | D:7      | Noticed steven32's ghost (amateur DrHu)
  5601 | D:7      | Reached XP level 8. HP: 61/62 MP: 8/17
  5605 | D:7      | Noticed Pikel
  5628 | D:7      | Found a sand-covered staircase.
  5672 | Ossuary  | Entered an ossuary
  5914 | D:7      | Noticed a wraith
  5939 | D:7      | Killed a wraith
  6007 | D:7      | Killed Pikel
  6008 | D:7      | Reached XP level 9. HP: 68/68 MP: 5/20
  6264 | D:7      | Learned a level 4 spell: Iskenderun's Mystic Blast
  6815 | D:7      | Noticed a two-headed ogre
  6832 | D:7      | Killed a two-headed ogre
  6833 | D:7      | Reached skill level 10 in Conjurations
  7225 | D:8      | Noticed Gastronok
  7291 | D:9      | Found a flagged portal.
  7306 | D:9      | Reached XP level 10. HP: 37/75 MP: 16/23
  7425 | Bailey   | Entered a bailey
  7448 | Bailey   | Learned a level 5 spell: Irradiate
  7454 | Bailey   | Learned a level 5 spell: Freezing Cloud
  7528 | Bailey   | Noticed an orc knight
  7536 | Bailey   | Reached skill level 1 in Fighting
  7555 | Bailey   | Killed an orc knight
  7928 | Bailey   | Found an iron altar of Okawaru.
  7997 | D:9      | Found a staircase to the Lair.
  8477 | D:8      | Reached skill level 5 in Fighting
  8483 | D:8      | Learned a level 3 spell: Stone Arrow
  8662 | D:8      | Killed Gastronok
  8663 | D:8      | Reached XP level 11. HP: 61/97 MP: 2/24
  9095 | D:9      | Reached skill level 10 in Spellcasting
  9249 | D:9      | Found a staircase to the Orcish Mines.
  9309 | Orc:1    | Entered Level 1 of the Orcish Mines
  9358 | Orc:1    | Noticed a two-headed ogre
  9427 | Orc:1    | Noticed Jorgrun
  9429 | Orc:1    | Killed a two-headed ogre
  9446 | Orc:1    | Killed Jorgrun
  9838 | Orc:1    | Noticed Erolcha
  9849 | Orc:1    | Killed Erolcha
  9915 | Orc:1    | Noticed a cyclops
 10304 | Orc:1    | Killed a cyclops
 10498 | Orc:2    | Entered Level 2 of the Orcish Mines
 10516 | Orc:2    | Found Ihai's Weapon Emporium.
 10589 | Orc:2    | Noticed an orc knight
 10599 | Orc:2    | Killed an orc knight
 10872 | Orc:2    | Found a staircase to the Elven Halls.
 11017 | Orc:2    | Reached XP level 12. HP: 116/116 MP: 14/26
 11311 | Orc:2    | Noticed a two-headed ogre
 11315 | Orc:2    | Noticed a two-headed ogre
 11317 | Orc:2    | Noticed an ogre mage
 11317 | Orc:2    | Noticed a two-headed ogre
 11320 | Orc:2    | Noticed a two-headed ogre
 11322 | Orc:2    | Killed a two-headed ogre
 11323 | Orc:2    | Reached skill level 10 in Fighting
 11338 | Orc:2    | Killed a two-headed ogre
 11348 | Orc:2    | Killed a two-headed ogre
 11599 | Orc:2    | Noticed a two-headed ogre
 11607 | Orc:2    | Killed a two-headed ogre
 11666 | Orc:2    | Noticed a two-headed ogre
 11676 | Orc:2    | Killed a two-headed ogre
 11746 | Orc:2    | Killed an ogre mage
 11773 | Orc:2    | Noticed an ogre mage
 11780 | Orc:2    | Killed an ogre mage
 12259 | Orc:2    | Killed a two-headed ogre
 12466 | Orc:2    | Noticed a two-headed ogre
 12471 | Orc:2    | Killed a two-headed ogre
 12472 | Orc:2    | Gained mutation: You can use your snake-like lower body to
                  | constrict enemies. [Naga growth]
 12472 | Orc:2    | Reached XP level 13. HP: 129/129 MP: 11/28
 12769 | Orc:2    | Found Ruewyu's Weapon Shoppe.
 12771 | Orc:2    | Found Cuenuiv's Weapon Shoppe.
 12787 | Orc:2    | Found Xutz's Distillery.
 12796 | Orc:2    | Found Xofosig's Magic Scroll Emporium.
 12805 | Orc:2    | Bought a scroll of teleportation for 45 gold pieces
 12805 | Orc:2    | Bought a scroll of teleportation for 45 gold pieces
 12805 | Orc:2    | Bought a scroll of teleportation for 45 gold pieces
 12810 | Orc:2    | Bought a potion of heal wounds for 70 gold pieces
 12810 | Orc:2    | Bought a potion of heal wounds for 70 gold pieces
 12810 | Orc:2    | Bought a potion of magic for 112 gold pieces
 12916 | D:10     | Entered Level 10 of the Dungeon
 13010 | D:10     | Got a glossy book
 13017 | D:10     | Got a droning book
 13123 | D:10     | Got a rare book
 14405 | Lair:1   | Entered Level 1 of the Lair of Beasts
 14607 | Lair:1   | Identified the +3 spear of Gravity {heavy, Str+2 SInv}
 15302 | Lair:1   | Reached skill level 15 in Conjurations
 15346 | Lair:1   | Noticed Maggie
 15681 | Lair:2   | Learned a level 4 spell: Sticky Flame
 15735 | Lair:2   | Reached XP level 14. HP: 120/138 MP: 14/31
 15751 | Lair:2   | Found a staircase to the Shoals.
 16052 | Lair:2   | Identified the +6 mace "Orb Guardian's Foe" {chaos, rC-
                  | Will+ Str+3 Dex+3}
 16268 | Lair:2   | Identified the +1 longbow "Stringbean" {heavy, Contam Fly
                  | rF+}
 16699 | Lair:1   | Killed Maggie
 17111 | Orc:1    | Bought the ring of the Tortoise {AC+8} for 1664 gold pieces
 17111 | Orc:1    | Found the ring of the Tortoise {AC+8}
 17573 | Lair:3   | Found a hole to the Spider Nest.
 18278 | Lair:3   | Learned a level 5 spell: Iskenderun's Battlesphere
 18799 | Lair:4   | Found a frozen archway.
 18832 | IceCv    | Entered an ice cave
 19657 | IceCv    | Noticed a reaper
 19691 | IceCv    | Killed a reaper
 19983 | Lair:4   | Reached XP level 15. HP: 152/152 MP: 7/33
 20180 | Lair:4   | Noticed Snorg
 20186 | Lair:4   | Killed Snorg
 20194 | Lair:4   | Reached skill level 15 in Fighting
 20747 | Lair:5   | Entered Level 5 of the Lair of Beasts
 20755 | Lair:4   | Reached skill level 1 in Shields
 21124 | Lair:5   | Found a viscous altar of Jiyva.
 21124 | Lair:5   | Found a staircase to the Slime Pits.
 22281 | Lair:5   | Reached skill level 5 in Shields
 22287 | Lair:5   | Found a burning altar of Makhleb.
 22757 | Lair:5   | Found a gateway to Hell.
 23022 | Orc:1    | Bought the +2 cloak of the Thief {*Fog Slay-2 SInv Stlth+}
                  | for 261 gold pieces
 23022 | Orc:1    | Found the +2 cloak of the Thief {*Fog Slay-2 SInv Stlth+}
 23076 | Elf:1    | Entered Level 1 of the Elven Halls
 23179 | Elf:1    | Paralysed by an air elemental for 1 turns
 23185 | Elf:1    | Paralysed by an air elemental for 1 turns
 24259 | Elf:1    | You fall into a shaft and drop 1 floor!
 24259 | Elf:2    | Noticed a deep elf blademaster
 24269 | Elf:2    | Reached XP level 16. HP: 92/165 MP: 8/34
 24269 | Elf:2    | Killed a deep elf blademaster
 24272 | Abyss:2  | Cast into level 2 of the Abyss (+2 glaive of distortion)
 24273 | Abyss:2  | Found a corrupted altar of Lugonu.
 24694 | Abyss:2  | Noticed a tentacled starspawn
 24700 | Abyss:2  | Killed a tentacled starspawn
 24792 | Abyss:2  | Noticed a profane servitor
 24811 | Abyss:2  | Slain by a lorocyproca

Illustrated notes

Levels and vault maps discovered:
D:1:      wander_arrival_peaceful_grave, layout_basic, serial_shops,
          nicolae_shop_stone
D:2:      layout_rooms, nrook_mini_backslash, minmay_randomly_rotated_circles
D:3:      layout_loops_ring, serial_shops, shop
D:4:      layout_basic, lemuel_zombie_altar_yredelemnul,
          wad_floor_pattern_untrapped, minmay_misc_feat_x,
          pf_guarded_unrand_meek
D:5:      layout_basic, lemuel_crystal_altar, elyvilon_altar_1,
          ebering_ghost_sewer_f
D:6:      layout_rooms, doesnt_xom_only_xom, minmay_temple_entry_large_hall,
          kennysheep_decorative_pillar
D:7:      layout_basic, mainiacjoe_overflow_cross_hatched,
          hellmonk_ghost_happy_afterlife, gup_ossuary_entry_pyramid, uniq_pikel
D:8:      layout_basic, uniq_gastronok
D:9:      layout_roguey, dpeg_oklobed_lair, minmay_orc_entry_temple_small,
          enter_bailey_2, minivault_4
D:10:     layout_long_grid, minmay_hedge_maze, bh_hangedman_babel_library
D:11:     minmay_skewed_foursquare, layout_irregular_city, enter_trove_6,
          minmay_misc_feat_more_columns
Temple:   minmay_temple_bridge_d
Lair:1:   layout_misc_corridors, st_stairs_13, uniq_maggie
Lair:2:   layout_regular_city, minmay_shoals_entry_centaurs, worms_lemuel,
          grunt_megastairs_1
Lair:3:   layout_regular_city, dummy_spider_entry, grunt_megastairs_2
Lair:4:   lemuel_reptile_caves, layout_gridlike, portal_ice_cave_demonic_guard,
          uniq_snorg
Lair:5:   evil_forest, layout_small_grid, slime_entry_1, nicolae_lair_lindhole
Orc:1:    layout_caves, nicolae_orc_stony_grotto, uniq_jorgrun, uniq_erolcha
Orc:2:    st_orc_open, layout_diamond_mine, serial_shops, shop, nooodl_orcs_dogs
Elf:1:    layout_geoelf_grid, serial_shops, nicolae_shop_pleasant_corner_grove,
          minmay_elf_crystal_hexagon, grunt_ministairs_3
Elf:2:    nicolae_elf_blades_splatter_lattice [mumra_blade_entry_bloodbath],
          layout_geoelf_grid
Abyss:2:  base:
WizLab

Skill      XL: |  1  2  3  4  5  6  7  8  9 10 11 12 13 14 15 16 |
---------------+-------------------------------------------------+-----
Spellcasting   | 3 4 6 7 9 10 11 13 14 | 14.5
Conjurations   | 5 6 7 8 10 11 12 13 15 16 | 16.5
Fighting       | 6 9 12 14 16 | 16.1
Shields        | 6 7 |  7.0
Staves         | |  0.6
Dodging        | |  1.5
Stealth        | |  3.0

Action                     |  1- 3 |  4- 6 |  7- 9 | 10-12 | 13-15 | 16-18 || total
---------------------------+-------+-------+-------+-------+-------+-------++-------
  Melee: Short sword       |     3 |       |       |       |       |       ||     3
         Quarterstaff      |       |       |       |     5 |    25 |     4 ||    34
         Staff             |       |       |       |     1 |    86 |    11 ||    98
         Constrict         |       |       |       |       |    25 |     5 ||    30
   Fire: Shortbow          |     4 |    13 |    11 |       |       |       ||    28
   Cast: Magic Dart        |    48 |     2 |    12 |    42 |    50 |       ||   154
         Searing Ray       |     2 |    18 |    53 |   136 |   155 |     5 ||   369
         Mephitic Cloud    |       |     1 |     6 |    29 |     8 |       ||    44
         Iskenderun's Myst |       |       |     3 |     3 |    16 |       ||    22
         Irradiate         |       |       |       |    11 |    28 |     4 ||    43
         Stone Arrow       |       |       |       |    26 |   146 |    13 ||   185
         Freezing Cloud    |       |       |       |       |    30 |     5 ||    35
         Sticky Flame      |       |       |       |       |    68 |     3 ||    71
         Iskenderun's Batt |       |       |       |       |    11 |     1 ||    12
 Invoke: Call Merchant     |       |       |       |       |     5 |       ||     5
Ability: Spit Poison       |    26 |    15 |    16 |    64 |    77 |       ||   198
  Evoke: Wand              |       |       |       |     5 |     5 |       ||    10
         Condenser vane    |       |       |       |       |       |     1 ||     1
    Use: Scroll            |     5 |       |    10 |     3 |     6 |     5 ||    29
         Potion            |       |       |     3 |       |     1 |    17 ||    21
 Armour: Robe              |     7 |     1 |       |       |       |       ||     8
         Leather armour    |       |     3 |    69 |   139 |   524 |   105 ||   840
         Skin              |       |       |       |       |       |     5 ||     5
  Dodge: Dodged            |     3 |     2 |    33 |   140 |   360 |    36 ||   574
  Block: Buckler           |       |       |       |       |       |    11 ||    11

Table legend: (Time is in decaauts)
 A = Elapsed time spent in this place.
 B = Non-inter-level travel time spent in this place.
 C = Inter-level travel time spent in this place.
 D = Time resting spent in this place.
 E = Time spent auto-exploring this place.
 F = Levels seen in this place.
 G = Mean time per level.
                   A        B        C        D        E       F      G
               +--------+--------+--------+--------+--------+-----+--------+
         Total |  30402 |  28813 |   1589 |   7707 |  15983 |  25 | 1216.1 |
       Dungeon |  12943 |  12225 |    718 |   2335 |   8200 |  11 | 1176.6 |
        Temple |    193 |      3 |    190 |      0 |      0 |   1 |  193.0 |
          Lair |   9227 |   8792 |    435 |   2106 |   5034 |   5 | 1845.4 |
  Orcish Mines |   4002 |   3759 |    243 |   1621 |   1361 |   2 | 2001.0 |
   Elven Halls |   1373 |   1373 |      0 |    586 |    634 |   2 |  686.5 |
         Abyss |    578 |    578 |      0 |    263 |     21 |   1 |  578.0 |
       Ossuary |    285 |    285 |      0 |      0 |    193 |   1 |  285.0 |
        Bailey |    633 |    633 |      0 |    271 |    138 |   1 |  633.0 |
      Ice Cave |   1165 |   1165 |      0 |    522 |    398 |   1 | 1165.0 |
               +--------+--------+--------+--------+--------+-----+--------+

Top non-repeatable levels by time:
   Orc:2: 2518 daAuts
  Lair:4: 2368 daAuts
  Lair:5: 2098 daAuts
     D:7: 1794 daAuts
    D:10: 1695 daAuts
  Lair:2: 1670 daAuts
  Lair:1: 1633 daAuts
   Orc:1: 1483 daAuts
  Lair:3: 1457 daAuts
     D:1: 1456 daAuts
     D:4: 1392 daAuts
   Elf:1: 1358 daAuts
     D:9: 1288 daAuts
     D:5: 1276 daAuts
   IceCv: 1165 daAuts
